 Dungeon Crawl Stone Soup version 0.27.1-1-g398f81649c (webtiles) character file.

Game seed: 10366008788562607437

248 ZARRMARR the Sneak (level 6, -1/42 HPs)
             Began as an Octopode Brigand on Sept 8, 2021.
             Slain by an ufetubus (3 damage)
             ... on level 4 of the Dungeon.
             The game lasted 00:14:38 (2174 turns).

ZARRMARR the Sneak (Octopode Brigand)               Turns: 2174, Time: 00:14:40

Health: -1/42      AC:  1    Str: 11    XL:     6   Next: 12%
Magic:  0/6        EV: 13    Int: 15    God:
Gold:   145        SH:  0    Dex: 13    Spells: 5/5 levels left

rFire    . . .     SeeInvis .   a - +3 dagger
rCold    . . .     Faith    .   (no shield)
rNeg     . . .     Spirit   +   (helmet restricted)
rPois    .         Reflect  .   k - amulet of guardian spirit
rElec    .         Harm     .   (no ring)
rCorr    .         Rampage  .   (no ring)
Will     .....                  (no ring)
Stlth    ++++......             (no ring)
HPRegen  0.14/turn              (no ring)
MPRegen  0.10/turn              (no ring)
                                (no ring)
                                (no ring)

@: mighty, slowed, very slow
A: almost no armour, amphibious, 8 rings, camouflage 1, gelatinous body 1,
(nimble swimmer 1), tentacles
a: no special abilities


You were on level 4 of the Dungeon.
You visited 1 branch of the dungeon, and saw 4 of its levels.

You collected 145 gold pieces.

Inventory:

Hand Weapons
 a - a +3 dagger (weapon)
Missiles
 b - 3 poisoned darts
 c - 2 curare-tipped darts
 j - 3 javelins (quivered)
Jewellery
 k - an amulet of guardian spirit (around mantle)
Scrolls
 d - 2 scrolls of noise {unknown}
 e - 2 scrolls of amnesia
 g - 3 scrolls of teleportation {unknown}
 i - a scroll of fog {unknown}
 l - a scroll of fear {unknown}
Potions
 h - a potion of curing {unknown}


   Skills:
 + Level 3.2 Fighting
 * Level 4.1 Short Blades
 - Level 2.0 Throwing
 + Level 2.7 Dodging
 + Level 6.5 Stealth


You had 5 spell levels left.
You didn't know any spells.
Your spell library contained the following spells:

 Spells                   Type           Power      Damage    Failure   Level
 Blink                    Tloc           N/A        N/A       38%         2
 Static Discharge         Conj/Air       0%         N/A       38%         2
 Lightning Bolt           Conj/Air       0%         1d11      100%        5
 Manifold Assault         Tloc           0%         N/A       100%        5
 Storm Form               Tmut/Air       0%         N/A       100%        7
 Maxwell's Capacitive Co  Air            0%         ∞         100%        8


Dungeon Overview and Level Annotations

Branches:
Dungeon (4/15)
 Temple: D:4-7

Altars:

Shops:
D:2 :   D:3 [


Innate Abilities, Weirdness & Mutations

You cannot wear most types of armour.
You are amphibious.
You can wear up to eight rings at the same time.
Your skin changes colour to match your surroundings (Stealth+).
Your rubbery body absorbs attacks. (AC +1, EV +1)
((You are camouflaged near water. (Stealth+)))
You have tentacles for arms and can constrict up to eight enemies at once.


Message History

Natasha barely misses you. The ufetubus closely misses you.
The ufetubus barely misses you.
You hit Natasha. You grab Natasha.
Natasha is heavily wounded.
You constrict Natasha.
The ufetubus hits you. x2; Natasha claws you!
The ufetubus hits you. x2; Natasha misses you.
You barely miss Natasha.
Natasha is severely wounded.
You constrict Natasha. The ufetubus barely misses you.
The ufetubus closely misses you.
The ufetubus hits you but does no damage.
The ufetubus closely misses you. Natasha claws you!
You puncture Natasha!
You kill Natasha!
Natasha screams in pain as she dies!
The ufetubus closely misses you. The ufetubus barely misses you.
The ufetubus hits you.
* * * LOW HITPOINT WARNING * * *
The ufetubus hits you.
* * * LOW HITPOINT WARNING * * *
Unknown command.
You hit the ufetubus but do no damage. Your grab misses the ufetubus.
The ufetubus closely misses you. The ufetubus hits you.
* * * LOW HITPOINT WARNING * * *
The ufetubus hits you.
* * * LOW HITPOINT WARNING * * *
The ufetubus misses you.
You closely miss the ufetubus. Your grab misses the ufetubus.
The ufetubus hits you.
* * * LOW HITPOINT WARNING * * *
The ufetubus misses you.
A hound comes into view.
It was a potion of might.
You feel very mighty all of a sudden.
The hound barks!
The ufetubus hits you.
* * * LOW HITPOINT WARNING * * *
The ufetubus closely misses you. The ufetubus completely misses you.
The ufetubus barely misses you. The ufetubus hits you.
You die...

# #. #.#. .###.#.
## .......#.##
#....#.# #+## .
#...# #...#..
##.## ##.[...h.
##..# ##........
##...####.@5......
#.......'.........
##...####.......((
#######..##
##......(#
#.........#
##.....##
#.######..# #...##
#.# #..# #+## #.#
####..# #.# #.#
#.....#######.#


You could see a hound and an ufetubus.

Vanquished Creatures
  Eustachio (D:4)
  Natasha (D:4)
  2 adders
  A worm (D:3)
  3 dart slugs
  2 orcs (D:4)
  3 ball pythons
  3 endoplasms
  A giant cockroach (D:3)
  3 goblins
  3 hobgoblins
  4 jackals (D:4)
  5 kobolds
  6 quokkas
  6 bats
  4 frilled lizards
  3 rats
51 creatures vanquished.

Notes
Turn   | Place    | Note
-------+----------+-------------------------------------------
     0 | D:1      | ZARRMARR the Octopode Brigand began the quest for the Orb.
     0 | D:1      | Reached XP level 1. HP: 14/14 MP: 1/1
   120 | D:1      | Reached XP level 2. HP: 9/19 MP: 2/2
   705 | D:2      | Found Xitezisuq's Book Boutique.
   821 | D:2      | Reached XP level 3. HP: 17/24 MP: 3/3
  1091 | D:2      | Found a faded altar of an unknown god.
  1627 | D:3      | Found Ygudom's Armour Emporium.
  1698 | D:3      | Reached XP level 4. HP: 29/30 MP: 4/4
  2111 | D:4      | Noticed Eustachio
  2116 | D:4      | Killed Eustachio
  2117 | D:4      | Reached skill level 6 in Stealth
  2117 | D:4      | Reached XP level 5. HP: 28/36 MP: 5/5
  2135 | D:4      | Reached XP level 6. HP: 35/42 MP: 6/6
  2164 | D:4      | Noticed Natasha
  2171 | D:4      | Killed Natasha
  2174 | D:4      | HP: 2/42 [ufetubus (1)]
  2174 | D:4      | Slain by an ufetubus

Illustrated notes

Levels and vault maps discovered:
D:1:      erik_arrival_blinker_ship, layout_basic, corexii_leaking_fountain
D:2:      layout_rooms, shapermc_ecumenical_altar_pompeii, serial_shops, shop
D:3:      layout_rooms, serial_shops, shop
D:4:      layout_loops_corners, nicolae_ossuary_entry_ruins, uniq_natasha,
          uniq_eustachio, uniq_crazy_yiuf_cottage

Skill      XL: |  1  2  3  4 |
---------------+-------------+-----
Short Blades   | 3 4 |  4.1
Dodging        | 2 |  2.7
Fighting       | 3 |  3.2
Stealth        | 6 |  6.5
Throwing       | |  2.0

Action                   |  1- 3 |  4- 6 || total
-------------------------+-------+-------++-------
Melee: Dagger            |    63 |    30 ||    93
       Constrict         |    12 |     8 ||    20
       Tentacles         |     4 |     3 ||     7
Throw: Dart              |    25 |       ||    25
       Javelin           |     1 |     7 ||     8
  Use: Scroll            |     4 |       ||     4
       Potion            |       |     1 ||     1
 Stab: Sleeping          |    19 |     3 ||    22
Armor: Skin              |     4 |     2 ||     6
Dodge: Dodged            |    25 |    28 ||    53
